 Dungeon Crawl Stone Soup version 0.29.1 (webtiles) character file.

Game seed: 12617662362597353103

18629 qw the Cleaver (level 12, -28/76 HPs)
             Began as a Gargoyle Fighter on Sept 13, 2022.
             Was a High Priest of Okawaru.
             Killed from afar by an ice dragon (57 damage)
             ... with a blast of cold
             ... on level 4 of the Lair of Beasts.
             The game lasted 00:05:58 (12413 turns).

qw the Cleaver (Gargoyle Fighter)                  Turns: 12413, Time: 00:05:58

Health: -28/76     AC: 33    Str: 25    XL:     12   Next: 60%
Magic:  15/19      EV:  8    Int:  9    God:    Okawaru [*****.]
Gold:   1693       SH: 11    Dex:  9    Spells: 11/11 levels left

rFire   + . .      SeeInvis .   A - +1 hand axe (vamp)
rCold   . . .      Faith    .   b - +0 kite shield
rNeg    + . .      Spirit   .   y - +0 plate armour
rPois   inf        Reflect  .   g - +1 helmet
rElec   +          Harm     .   (no cloak)
rCorr   .          Rampage  .   a - +2 pair of gloves
Will    +....      Clarity  +   v - +0 pair of boots
Stlth   ..........              h - amulet "Zeawuy" {rElec Regen+}
HPRegen 1.02/turn               f - ring of willpower
MPRegen 0.16/turn               C - ring of protection from fire

@: heroic, finesse-ful, flying
A: sickness immunity, AC +8, negative energy resistance 1, electricity
resistance, torment resistance 1, petrification resistance, big wings, clarity
a: Renounce Religion, Heroism, Finesse, Duel


You were on level 4 of the Lair of Beasts.
You worshipped Okawaru.
Okawaru was extremely pleased with you.
You visited 3 branches of the dungeon, and saw 13 of its levels.
You also visited: Sewer.

You collected 1693 gold pieces.


Innate Abilities, Weirdness & Mutations

You are immune to sickness and miasma.
Your stone body is resilient. (AC +8)
You are immune to poison.
You resist negative energy. (rN+)
You are resistant to electric shocks. (rElec)
You are resistant to unholy torment.
You are immune to petrification.
Your large and strong wings let you fly.
You possess an exceptional clarity of mind.


   Skills:
 - Level 9.0(14.0) Fighting
 - Level 12.0(17.0) Axes
 - Level 2.0(7.0) Throwing
 - Level 9.0(14.0) Armour
 - Level 2.0(7.0) Dodging
 + Level 8.1(13.1) Shields
 - Level 10.0 Invocations


You had 11 spell levels left.
You didn't know any spells.
Your spell library was empty.

Inventory:

Hand Weapons
 n - the +6 hand axe of Cucashir {speed, Int+3}
   (You found it on level 3 of the Dungeon)

   Attacks with this weapon are significantly faster.
   Int:       It affects your intelligence (+3).
 x - a +0 morningstar
 A - a +1 vampiric hand axe (weapon)
Missiles
 c - 2 javelins (quivered)
 m - 3 boomerangs
Armour
 a - a +2 pair of gloves (worn)
 b - a +0 kite shield (worn)
 g - a +1 helmet (worn)
 v - a +0 pair of boots (worn)
 y - a +0 plate armour (worn)
Jewellery
 f - a ring of willpower (left hand)
 h - the amulet "Zeawuy" (around neck) {rElec Regen+}
   (You found it on level 5 of the Dungeon)

   [amulet of regeneration]

   rElec:     It insulates you from electricity.
   Regen:     It increases your rate of health regeneration.
 C - a ring of protection from fire (right hand)
Scrolls
 q - a scroll of fog
 r - 2 scrolls of identify
 s - 3 scrolls of teleportation
Potions
 d - 3 potions of might
 e - a potion of magic
 i - 2 potions of heal wounds
 j - a potion of mutation
 k - a potion of ambrosia {unknown}
 l - a potion of resistance {unknown}
 o - a potion of attraction
 p - 2 potions of lignification
 t - a potion of haste
 u - 2 potions of curing
 w - a potion of brilliance {unknown}
 B - a potion of cancellation {unknown}

Dungeon Overview and Level Annotations

Branches:
Dungeon (8/15)             Temple (1/1) D:5            Lair (4/5) D:8
 Shoals (0/4) Lair:2        Snake (0/4) Lair:3        Sewer (visited)
  Slime: Lair:4-5

Altars:
Ashenzari
Cheibriados
Dithmenos
Elyvilon
Fedhas
Gozag
Hepliaklqana
Kikubaaqudgha
Makhleb
Nemelex Xobeh
Okawaru
Qazlal
Ru
Sif Muna
Trog
Uskayaw
Vehumet
Wu Jian
Xom
Yredelemnul
Zin
The Shining One

Shops:
D:4 :

Annotations:
Lair:3 1 runed translucent door, qw's ghost, journeyman GrFi


Message History

You hit the ice dragon but do no damage.
The ice dragon is lightly wounded.
The ice dragon bites you but does no damage.
You block the ice dragon's attack.
The ice dragon tramples you but does no damage.
A polar bear comes into view.
You hit the ice dragon.
The ice dragon is moderately wounded.
You hit the ice dragon but do no damage.
The ice dragon is moderately wounded.
The ice dragon bites you but does no damage.
The ice dragon claws you but does no damage.
You block the ice dragon's attack.
A polar bear comes into view.
The polar bear growls angrily.
You slash the ice dragon!
You feel better.
The ice dragon is moderately wounded.
You hit the ice dragon but do no damage.
The ice dragon is moderately wounded.
You hit the ice dragon.
The ice dragon is moderately wounded.
The ice dragon bites you but does no damage.
The ice dragon claws you but does no damage.
You block the ice dragon's attack.
An ice beast comes into view.
You hit the ice dragon but do no damage.
The ice dragon is moderately wounded.
You hit the ice dragon but do no damage.
The ice dragon is moderately wounded.
The ice dragon bites you. You block the ice dragon's attack. x2
You hit the ice dragon but do no damage.
The ice dragon is moderately wounded.
You completely miss the ice dragon.
The ice dragon is moderately wounded.
You barely miss the ice dragon.
The ice dragon is moderately wounded.
The ice dragon breathes frost at you. The blast of cold hits you!!!
Ouch! That really hurt!
You die...

~~~~~~~.~~~ ..~~~~.~~~
...?..~~.~ D..h..~~.
...# ....h.... ....#
#.....## ...P##.
#...(.###....... #
#D.##.......#
#...####@.........#
#................##
#...................
....#...............
.. ... #.......%%###.#
... . ............#
P... .....#P....%##
###..#.
....##......P##.#....#
#...............#...#


You could see an ice dragon (catching breath) and 2 polar bears.

Vanquished Creatures
  2 hydras
  A catoblepas (Lair:2)
  2 black mambas (Lair:3)
  3 cane toads
  6 rime drakes
  A polar bear (Lair:4)
  4 dream sheep (Lair:3)
  5 blink frogs (Lair:1)
  31 yaks
  2 basilisks (Lair:3)
  4 wyverns
  A naga (Lair:3)
  An acid dragon (D:8)
  8 water moccasins
  2 black bears
  2 ice beasts (Lair:4)
  2 orc warriors
  4 sky beasts
  4 ogres
  6 centaurs
  3 wolves (Lair:2)
  3 phantoms
  9 kobold brigands
  8 bullfrogs
  5 necrophages
  2 scorpions
  10 killer bees (D:8)
  A vampire bat (D:4)
  A howler monkey (D:5)
  4 hounds
  5 orc priests
  4 jellies
  6 iguanas
  Jessica (D:2)
  9 orc wizards
  Robin (D:3)
  4 gnolls
  15 adders
  A shadow imp (D:7)
  3 white imps
  5 worms
  2 dart slugs
  32 orcs
  6 endoplasms
  4 giant cockroaches
  12 goblins
  12 hobgoblins
  2 quokkas
  8 ball pythons
  13 bats
  3 frilled lizards
  13 kobolds
  9 rats
307 creatures vanquished.

Vanquished Creatures (others)
  A polar bear (Lair:4)
  8 fungi
  14 plants
  2 withered plants (Lair:3)
25 creatures vanquished.

Grand Total: 332 creatures vanquished

Notes
Turn   | Place    | Note
-------+----------+-------------------------------------------
     0 | D:1      | qw the Gargoyle Fighter began the quest for the Orb.
     0 | D:1      | Reached XP level 1. HP: 14/14 MP: 1/1
     0 | D:1      | 0 ||| qw: Version: 0.1-a-119-g272c26d
     0 | D:1      | 0 ||| qw: Game counter: 11304
     0 | D:1      | 0 ||| qw: Always use a shield: true
     0 | D:1      | 0 ||| qw: God list: Okawaru
     0 | D:1      | 0 ||| qw: Allow faded altars: false
     0 | D:1      | 0 ||| qw: Do Orc after D:15 true
     0 | D:1      | 0 ||| qw: Do second Lair branch before Depths: true
     0 | D:1      | 0 ||| qw: Lair rune preference: random
     0 | D:1      | 0 ||| qw: Plans: Normal, Zot, God:TSO, Crypt, Tomb, Pan,
                  | Slime, Hells, Zig, Abyss, Orb
     0 | D:1      | 0 ||| PLANNING D:1-11
    89 | D:1      | Reached skill level 2 in Axes
   180 | D:1      | Reached XP level 2. HP: 8/19 MP: 2/2
   627 | D:1      | Reached skill level 3 in Axes
   818 | D:1      | 818 ||| UPGRADING to +0 helmet.
   823 | D:1      | 823 ||| UPGRADING to ring of willpower.
   824 | D:1      | 824 ||| READING scroll labelled TIECYA FULI.
   824 | D:1      | Identified a scroll of acquirement
   824 | D:1      | 824 ||| ACQUIRING 1029 gold pieces
   824 | D:1      | Acquired 1029 gold pieces
   826 | D:1      | 826 ||| READING scroll labelled WAUWEE QIOGG.
   827 | D:1      | 827 ||| READING 2 scrolls labelled KUS TEKHOI.
   830 | D:1      | 830 ||| DRINKING 2 clear potions.
   908 | D:2      | Reached XP level 3. HP: 22/23 MP: 3/3
  1068 | D:2      | Found a faded altar of an unknown god.
  1091 | D:2      | Found a sacrificial altar of Ru.
  1436 | D:2      | Reached XP level 4. HP: 25/28 MP: 4/4
  1545 | D:2      | Noticed Jessica
  1546 | D:2      | 1546 ||| Stepping ~*~*~tactically~*~*~ (hiding).
  1552 | D:2      | Killed Jessica
  1553 | D:2      | Reached skill level 4 in Axes
  1728 | D:2      | 1728 ||| READING scroll labelled TOLLAI VOZAULE.
  1729 | D:2      | 1729 ||| DRINKING 2 sapphire potions.
  1834 | D:2      | 1834 ||| DROPPING potion of berserk rage.
  1848 | D:3      | 1848 ||| STAIRDANCE
  1848 | D:3      | Noticed Robin
  1854 | D:3      | 1854 ||| STAIRDANCE
  1860 | D:2      | HP: 6/28 [hobgoblin[Robin] (6)]
  1861 | D:2      | 1861 ||| READING 2 scrolls of teleportation.
  1862 | D:2      | 1862 ||| DRINKING 2 potions of heal wounds.
  1908 | D:3      | 1908 ||| STAIRDANCE
  1917 | D:3      | 1917 ||| STAIRDANCE
  1951 | D:3      | 1951 ||| STAIRDANCE
  1958 | D:3      | 1958 ||| STAIRDANCE
  1980 | D:3      | HP: 5/28 [frozen (5)]
  1981 | D:3      | 1981 ||| READING scroll of teleportation.
  1982 | D:3      | 1982 ||| DRINKING potion of heal wounds.
  1988 | D:3      | Killed Robin
  1989 | D:3      | Reached XP level 5. HP: 22/32 MP: 5/5
  2090 | D:3      | Found a radiant altar of Vehumet.
  2236 | D:3      | Identified the +6 hand axe of Cucashir {speed, Int+3}
  2238 | D:3      | 2238 ||| SWAPPING to +6 hand axe of Cucashir {speed,
                  | Int+3}.
  2239 | D:3      | 2239 ||| DROPPING +0 war axe.
  2264 | D:3      | 2264 ||| Stepping ~*~*~tactically~*~*~ (stealth).
  2266 | D:3      | 2266 ||| Stepping ~*~*~tactically~*~*~ (hiding).
  2363 | D:3      | Found a glowing golden altar of the Shining One.
  2402 | D:3      | Reached skill level 5 in Axes
  2415 | D:3      | 2415 ||| Stepping ~*~*~tactically~*~*~ (stealth).
  2646 | D:3      | 2646 ||| UPGRADING to +0 chain mail.
  2656 | D:3      | 2656 ||| DROPPING +0 scale mail.
  2657 | D:3      | 2657 ||| DROPPING ring of wizardry.
  2658 | D:3      | 2658 ||| READING scroll labelled PYRHOHILIL.
  2659 | D:3      | 2659 ||| READING scroll labelled VEHEIC ATESM.
  2660 | D:3      | 2660 ||| DRINKING 2 green potions.
  2661 | D:3      | 2661 ||| DRINKING 2 fizzy orange potions.
  2662 | D:3      | 2662 ||| DROPPING potion of degeneration.
  2663 | D:3      | 2663 ||| DROPPING potion of invisibility.
  2729 | D:4      | Reached XP level 6. HP: 24/38 MP: 6/6
  3060 | D:4      | 3060 ||| Stepping ~*~*~tactically~*~*~ (stealth).
  3198 | D:4      | 3198 ||| Stepping ~*~*~tactically~*~*~ (stealth).
  3200 | D:4      | 3200 ||| Stepping ~*~*~tactically~*~*~ (stealth).
  3225 | D:4      | Found a hazy altar of Hepliaklqana.
  3405 | D:4      | Reached skill level 6 in Axes
  3483 | D:4      | 3483 ||| Stepping ~*~*~tactically~*~*~ (hiding).
  3487 | D:4      | 3487 ||| Stepping ~*~*~tactically~*~*~ (hiding).
  3496 | D:4      | Reached XP level 7. HP: 40/43 MP: 7/7
  3609 | D:4      | Found Xuggem's Book Boutique.
  3703 | D:4      | 3703 ||| DROPPING ring of magical power.
  3704 | D:4      | 3704 ||| READING scroll labelled PECSAOBOAGH.
  3705 | D:4      | 3705 ||| DRINKING 2 black potions.
  3706 | D:4      | 3706 ||| DRINKING 2 bubbling cyan potions.
  3706 | D:4      | Gained mutation: Your large and strong wings let you fly.
                  | [potion of mutation]
  3706 | D:4      | Gained mutation: You possess an exceptional clarity of
                  | mind. [potion of mutation]
  3707 | D:4      | 3707 ||| DROPPING potion of flight.
  3713 | D:5      | Entered Level 5 of the Dungeon
  3754 | D:5      | 3754 ||| FLEEEEING.
  3756 | D:5      | 3756 ||| FLEEEEING.
  3765 | D:5      | 3765 ||| STAIRDANCE
  3833 | D:5      | Reached skill level 1 in Dodging
  3840 | D:5      | 3840 ||| Stepping ~*~*~tactically~*~*~ (stealth).
  3859 | D:5      | Reached skill level 7 in Axes
  4141 | D:5      | Reached XP level 8. HP: 34/49 MP: 8/8
  4229 | D:5      | Found a staircase to the Ecumenical Temple.
  4230 | D:5      | 4230 ||| PLANNING TEMPLE
  4230 | D:5      | 4230 ||| DRINKING 2 bubbling sapphire potions.
  4286 | Temple   | Entered the Ecumenical Temple
  4286 | Temple   | Found a transporter.
  4286 | Temple   | Found a transporter.
  4288 | Temple   | Found a transporter.
  4288 | Temple   | Found a transporter.
  4298 | Temple   | 4298 ||| PLANNING D:1-11
  4305 | Temple   | Became a worshipper of Warmaster Okawaru
  4412 | D:5      | 4412 ||| Stepping ~*~*~tactically~*~*~ (hiding).
  4433 | D:5      | 4433 ||| Stepping ~*~*~tactically~*~*~ (stealth).
  4614 | D:5      | Reached skill level 8 in Axes
  4707 | D:5      | Identified the amulet "Zeawuy" {rElec Regen+}
  5379 | D:5      | Found a shimmering blue altar of Sif Muna.
  5396 | D:5      | Reached skill level 6 in Fighting
  5443 | D:5      | Reached * piety under Okawaru
  5561 | D:5      | 5561 ||| UPGRADING to +0 pair of gloves.
  5566 | D:5      | 5566 ||| UPGRADING to +4 scale mail of positive energy.
  5576 | D:5      | 5576 ||| DROPPING +0 chain mail.
  5577 | D:5      | 5577 ||| UPGRADING to amulet "Zeawuy" {rElec Regen+}.
  5629 | D:6      | 5629 ||| PLANNING SEWER
  5650 | D:6      | 5650 ||| Stepping ~*~*~tactically~*~*~ (hiding).
  5652 | D:6      | 5652 ||| Stepping ~*~*~tactically~*~*~ (hiding).
  5654 | D:6      | 5654 ||| INVOKING Heroism.
  5666 | D:6      | Reached skill level 1 in Invocations
  5692 | D:6      | 5692 ||| DROPPING +0 flail.
  5699 | D:6      | Found a bloodstained altar of Trog.
  5699 | D:6      | Found a shimmering altar of Xom.
  5759 | D:6      | 5759 ||| INVOKING Heroism.
  5798 | D:6      | Found a glowing drain.
  5809 | D:6      | Found a white marble altar of Elyvilon.
  5814 | D:6      | 5814 ||| READING scroll of teleportation.
  5819 | D:6      | 5819 ||| INVOKING Heroism.
  5824 | D:6      | Reached skill level 3 in Invocations
  5824 | D:6      | Reached XP level 9. HP: 50/55 MP: 8/11
  5870 | D:6      | Found a basalt altar of Yredelemnul.
  5935 | D:6      | 5935 ||| Stepping ~*~*~tactically~*~*~ (stealth).
  5971 | D:6      | 5971 ||| INVOKING Heroism.
  6163 | D:6      | Reached skill level 9 in Axes
  6190 | D:6      | 6190 ||| INVOKING Heroism.
  6206 | Sewer    | Entered a sewer
  6560 | Sewer    | Reached ** piety under Okawaru
  6821 | Sewer    | 6821 ||| READING scroll labelled MUFAMO HINERCH.
  6822 | Sewer    | 6822 ||| READING scroll labelled JOLACY LEKIN OSCH.
  6844 | D:6      | 6844 ||| PLANNING D:1-11
  6969 | D:6      | 6969 ||| INVOKING Heroism.
  7043 | D:6      | 7043 ||| Stepping ~*~*~tactically~*~*~ (hiding).
  7067 | D:6      | 7067 ||| Stepping ~*~*~tactically~*~*~ (stealth).
  7069 | D:6      | 7069 ||| Stepping ~*~*~tactically~*~*~ (stealth).
  7071 | D:6      | 7071 ||| Stepping ~*~*~tactically~*~*~ (stealth).
  7073 | D:6      | 7073 ||| Stepping ~*~*~tactically~*~*~ (hiding).
  7075 | D:6      | 7075 ||| Stepping ~*~*~tactically~*~*~ (hiding).
  7077 | D:6      | 7077 ||| Stepping ~*~*~tactically~*~*~ (hiding).
  7365 | D:6      | 7365 ||| INVOKING Heroism.
  7390 | D:6      | 7390 ||| Stepping ~*~*~tactically~*~*~ (stealth).
  7395 | D:6      | 7395 ||| Stepping ~*~*~tactically~*~*~ (stealth).
  7397 | D:6      | 7397 ||| Stepping ~*~*~tactically~*~*~ (hiding).
  7424 | D:6      | Identified the +10 flail "Efadian" {flame, rN+ MP+9 Stlth+}
  7425 | D:6      | 7425 ||| Stepping ~*~*~tactically~*~*~ (hiding).
  7431 | D:6      | 7431 ||| INVOKING Heroism.
  7441 | D:6      | Reached skill level 10 in Axes
  7460 | D:6      | 7460 ||| DROPPING +1 vorpal flail.
  7650 | D:7      | 7650 ||| INVOKING Heroism.
  7975 | D:7      | Reached XP level 10. HP: 64/64 MP: 13/13
  8030 | D:7      | 8030 ||| Stepping ~*~*~tactically~*~*~ (hiding).
  8284 | D:8      | 8284 ||| Stepping ~*~*~tactically~*~*~ (stealth).
  8287 | D:8      | 8287 ||| Stepping ~*~*~tactically~*~*~ (stealth).
  8295 | D:8      | 8295 ||| Stepping ~*~*~tactically~*~*~ (stealth).
  8299 | D:8      | 8299 ||| INVOKING Heroism.
  8301 | D:8      | Reached skill level 1 in Throwing
  8356 | D:8      | 8356 ||| INVOKING Heroism.
  8381 | D:8      | 8381 ||| DROPPING +10 flail "Efadian" {flame, rN+ MP+9
                  | Stlth+}.
  8421 | D:8      | 8421 ||| Stepping ~*~*~tactically~*~*~ (hiding).
  8428 | D:8      | Reached *** piety under Okawaru
  8530 | D:8      | 8530 ||| READING 2 scrolls of enchant armour.
  8530 | D:8      | 8530 ||| ENCHANTING +0 pair of gloves.
  8531 | D:8      | 8531 ||| READING scroll of enchant armour.
  8531 | D:8      | 8531 ||| ENCHANTING +1 pair of gloves.
  8541 | D:8      | 8541 ||| Stepping ~*~*~tactically~*~*~ (hiding).
  8657 | D:8      | 8657 ||| READING scroll of enchant armour.
  8657 | D:8      | 8657 ||| ENCHANTING +0 helmet.
  8688 | D:8      | 8688 ||| INVOKING Heroism.
  8719 | D:8      | Found an ornate altar of the Wu Jian Council.
  8767 | D:8      | 8767 ||| INVOKING Heroism.
  8793 | D:8      | Found a staircase to the Lair.
  8921 | D:8      | 8921 ||| Stepping ~*~*~tactically~*~*~ (stealth).
  8923 | D:8      | 8923 ||| Stepping ~*~*~tactically~*~*~ (hiding).
  8924 | D:8      | 8924 ||| INVOKING Heroism.
  8934 | D:8      | Reached skill level 11 in Axes
  8969 | D:8      | 8969 ||| FLEEEEING.
  9030 | D:8      | 9030 ||| SWAPPING to +0 vampiric hand axe.
  9042 | D:8      | 9042 ||| Stepping ~*~*~tactically~*~*~ (stealth).
  9072 | D:8      | Reached skill level 9 in Fighting
  9087 | D:8      | 9087 ||| Stepping ~*~*~tactically~*~*~ (hiding).
  9088 | D:8      | 9088 ||| Stepping ~*~*~tactically~*~*~ (hiding).
  9125 | D:8      | 9125 ||| PLANNING LAIR
  9125 | D:8      | 9125 ||| UPGRADING to +0 plate armour.
  9135 | D:8      | 9135 ||| DROPPING +4 scale mail of positive energy.
  9136 | D:8      | 9136 ||| UPGRADING to ring of protection from fire.
  9137 | D:8      | 9137 ||| READING scroll labelled QYMPUG JAAXKO.
  9138 | D:8      | 9138 ||| READING scroll labelled DOSOTW JELLU.
  9139 | D:8      | 9139 ||| READING scroll labelled AHOXUCWUXOU.
  9295 | Lair:1   | Entered Level 1 of the Lair of Beasts
  9341 | Lair:1   | Noticed a cane toad
  9342 | Lair:1   | 9342 ||| INVOKING Heroism.
  9359 | Lair:1   | Reached skill level 6 in Armour
  9373 | Lair:1   | Reached XP level 11. HP: 51/71 MP: 14/14
  9534 | Lair:1   | Noticed a four-headed hydra
  9535 | Lair:1   | 9535 ||| INVOKING Heroism.
  9538 | Lair:1   | 9538 ||| SWAPPING to +0 morningstar.
  9545 | Lair:1   | Killed a four-headed hydra
  9545 | Lair:1   | Reached **** piety under Okawaru
  9546 | Lair:1   | 9546 ||| SWAPPING to +0 vampiric hand axe.
  9604 | Lair:1   | 9604 ||| INVOKING Heroism.
  9633 | Lair:1   | 9633 ||| INVOKING Heroism.
  9650 | Lair:1   | 9650 ||| INVOKING Heroism.
  9669 | Lair:1   | You are sucked into a shaft and drop 1 floor!
  9671 | Lair:2   | 9671 ||| UPGRADING to +0 pair of boots.
  9676 | Lair:2   | 9676 ||| READING scroll labelled UGERPH FOAGOATT.
  9677 | Lair:2   | 9677 ||| READING scroll labelled DOLYJER LIRHAEV.
  9678 | Lair:2   | 9678 ||| READING scroll labelled MUXO EHO NUSS.
 10224 | Lair:1   | 10224 ||| DROPPING amulet of the acrobat.
 10225 | Lair:1   | 10225 ||| READING 2 scrolls of identify.
 10225 | Lair:1   | 10225 ||| IDENTIFYING fizzy dark potion
 10268 | Lair:2   | Noticed a catoblepas
 10269 | Lair:2   | 10269 ||| Stepping ~*~*~tactically~*~*~ (hiding).
 10270 | Lair:2   | 10270 ||| Stepping ~*~*~tactically~*~*~ (hiding).
 10272 | Lair:2   | 10272 ||| INVOKING Heroism.
 10316 | Lair:2   | 10316 ||| INVOKING Heroism.
 10317 | Lair:2   | Killed a catoblepas
 10477 | Lair:2   | Found a staircase to the Shoals.
 10495 | Lair:2   | Reached skill level 6 in Invocations
 10537 | Lair:2   | 10537 ||| DROPPING +1 hand axe of electrocution.
 10557 | Lair:2   | 10557 ||| INVOKING Heroism.
 10621 | Lair:2   | 10621 ||| INVOKING Heroism.
 10628 | Lair:2   | Reached ***** piety under Okawaru
 10628 | Lair:2   | Received a gift from Okawaru
 10642 | Lair:2   | Reached skill level 12 in Axes
 10669 | Lair:2   | 10669 ||| Stepping ~*~*~tactically~*~*~ (stealth).
 10670 | Lair:2   | 10670 ||| INVOKING Heroism.
 10699 | Lair:2   | Reached skill level 9 in Armour
 10702 | Lair:2   | Reached XP level 12. HP: 74/76 MP: 17/17
 11115 | Lair:2   | 11115 ||| UPGRADING to +0 kite shield.
 11125 | Lair:2   | 11125 ||| DROPPING +0 buckler.
 11126 | Lair:2   | 11126 ||| READING scroll labelled USHALU HACWI.
 11127 | Lair:2   | 11127 ||| DRINKING 2 murky orange potions.
 11128 | Lair:2   | 11128 ||| DRINKING 2 orange potions.
 11129 | Lair:2   | 11129 ||| DRINKING 2 cyan potions.
 11149 | Lair:3   | Noticed a seven-headed hydra
 11150 | Lair:3   | 11150 ||| INVOKING Heroism.
 11151 | Lair:3   | 11151 ||| SWAPPING to +0 morningstar.
 11152 | Lair:3   | 11152 ||| INVOKING Finesse.
 11161 | Lair:3   | Killed a seven-headed hydra
 11162 | Lair:3   | 11162 ||| SWAPPING to +0 vampiric hand axe.
 11262 | Lair:3   | Found a staircase to the Snake Pit.
 11264 | Lair:3   | 11264 ||| Stepping ~*~*~tactically~*~*~ (hiding).
 11265 | Lair:3   | 11265 ||| Stepping ~*~*~tactically~*~*~ (hiding).
 11276 | Lair:3   | 11276 ||| INVOKING Heroism.
 11357 | Lair:3   | 11357 ||| Stepping ~*~*~tactically~*~*~ (stealth).
 11374 | Lair:3   | Reached skill level 6 in Shields
 11385 | Lair:3   | 11385 ||| INVOKING Heroism.
 11518 | Lair:3   | Identified the +2 leather armour "Roushrolio" {Int+6}
 11600 | Lair:3   | 11600 ||| READING scroll of enchant weapon.
 11600 | Lair:3   | 11600 ||| ENCHANTING +0 vampiric hand axe.
 11656 | Lair:3   | Found a runed translucent door.
 11656 | Lair:3   | Noticed qw's ghost (journeyman GrFi)
 11672 | Lair:3   | 11672 ||| INVOKING Heroism.
 11684 | Lair:3   | Reached skill level 9 in Invocations
 11819 | Lair:3   | 11819 ||| INVOKING Heroism.
 11828 | Lair:3   | Received a gift from Okawaru
 12324 | Lair:4   | 12324 ||| INVOKING Heroism.
 12379 | Lair:4   | Noticed an ice dragon
 12380 | Lair:4   | 12380 ||| Stepping ~*~*~tactically~*~*~ (hiding).
 12387 | Lair:4   | 12387 ||| Stepping ~*~*~tactically~*~*~ (stealth).
 12388 | Lair:4   | 12388 ||| INVOKING Finesse.
 12413 | Lair:4   | Killed from afar by an ice dragon

Levels and vault maps discovered:
D:1:      nagdon_arrival_double_spiral, layout_basic
D:2:      layout_basic, basic_altar, shapermc_ecumenical_altar_rom_forum,
          uniq_jessica
D:3:      layout_rooms, lemuel_tele_altar, nicolae_vehumet_altar_sigil,
          grunt_ministairs_12, eino_tiny_chamber, uniq_robin
D:4:      layout_gridville, lemuel_round_altar, serial_shops,
          nicolae_shop_waterfront, roderic_batcave
D:5:      layout_layer_cave, led_sif_book, minmay_temple_entry_gardened_gates
D:6:      minmay_skewed_foursquare, layout_cave_pods,
          nicolae_overflow_crystal_walls, nicolae_elyvilon_peaceful_grove,
          jmf_multi_god_temple, gup_sewer_entry_glass, hangedman_decor_points
D:7:      layout_cave_pools, nrook_pool_corridor
D:8:      layout_rooms, mainiacjoe_overflow_cross_hatched, lair_entry_dummy,
          kennysheep_path_1, minmay_bent
Temple:   hellmonk_temple_divided_pantheon
Lair:1:   layout_cave_pods, eino_small_chamber_without_monster,
          infiniplex_staircase_pool
Lair:2:   layout_regular_city, minmay_shoals_entry_centaurs,
          portal_ice_cave_rime, serial_bayou_shore_b
Lair:3:   layout_cave_pods, guppyfry_snake_entry_garden, gammafunk_ghost_grave,
          chequers_serial_rivers_micro_d
Lair:4:   layout_layer_cave, slime_entry_1, ice2_lemuel, lemuel_fruit_fields

Skill      XL: |  1  2  3  4  5  6  7  8  9 10 11 12 |
---------------+-------------------------------------+-----
Axes           | 2 3 4 5 6 7 8 10 11 12 | 12.0
Fighting       | 4 5 6 8 9 |  9.0
Dodging        | 1 2 |  2.0
Armour         | 4 7 9 |  9.0
Invocations    | 3 4 7 10 | 10.0
Shields        | 4 5 8 |  8.1
Throwing       | 1 2 |  2.0

Action                   |  1- 3 |  4- 6 |  7- 9 | 10-12 || total
-------------------------+-------+-------+-------+-------++-------
Melee: War axe           |    80 |    51 |       |       ||   131
       Hand axe          |       |    94 |   362 |   761 ||  1217
       Morningstar       |       |       |       |    15 ||    15
Throw: Boomerang         |       |       |       |    48 ||    48
       Javelin           |       |       |       |    12 ||    12
Invok: Heroism           |       |       |     9 |    21 ||    30
       Finesse           |       |       |       |     2 ||     2
  Use: Scroll            |     3 |     5 |     4 |    12 ||    24
       Potion            |     1 |     5 |     3 |     3 ||    12
Armor: Scale mail        |    34 |    34 |    51 |    67 ||   186
       Chain mail        |       |    29 |    39 |       ||    68
       Plate armour      |       |       |       |   440 ||   440
Dodge: Dodged            |    37 |    60 |    61 |   210 ||   368
Block: Buckler           |    11 |    24 |    35 |   129 ||   199
       Kite shield       |       |       |       |   138 ||   138

Table legend:
 A = Non-vault XP
 B = Vault XP
 C = Vault XP percentage of total XP
 D = Non-vault monster count
 E = Vault monster count
 F = Vault count percentage of total count
                 A         B        C        D         E       F
            +---------+---------+-------+---------+---------+-------
      Total |   21869 |    4745 |  17.8 |     218 |      90 |  29.2
            +---------+---------+-------+---------+---------+-------
        D:1 |      33 |       0 |   0.0 |      13 |       0 |   0.0
        D:2 |      55 |      56 |  50.5 |      19 |      11 |  36.7
        D:3 |     113 |      32 |  22.1 |      13 |       7 |  35.0
        D:4 |     309 |      70 |  18.5 |      24 |       9 |  27.3
        D:5 |    1175 |      70 |   5.6 |      29 |       2 |   6.5
        D:6 |     969 |     500 |  34.0 |      20 |      12 |  37.5
        D:7 |     589 |       0 |   0.0 |       9 |       0 |   0.0
        D:8 |    2019 |    1038 |  34.0 |      24 |       9 |  27.3
     Lair:1 |    5255 |       0 |   0.0 |      19 |       0 |   0.0
     Lair:2 |    4330 |    1226 |  22.1 |      19 |       6 |  24.0
     Lair:3 |    5729 |     166 |   2.8 |      22 |       1 |   4.3
     Lair:4 |    1293 |     725 |  35.9 |       7 |       5 |  41.7
      Sewer |       0 |     862 | 100.0 |       0 |      28 | 100.0
            +---------+---------+-------+---------+---------+-------
